 Dungeon Crawl Stone Soup version 0.27-a0-1358-ga0a28fc8c3 (webtiles) character file.

Game seed: 894084941581288272

425 HAL9000 the Cutter (level 6, -5/30 HPs)
             Began as a Vine Stalker Brigand on June 28, 2021.
             Slain by a gnoll (13 damage)
             ... on level 5 of the Dungeon.
             The game lasted 00:07:47 (3908 turns).

HAL9000 the Cutter (Vine Stalker Brigand)           Turns: 3908, Time: 00:07:49

Health: -5/30      AC:  3    Str: 13    XL:     6   Next: 96%
Magic:  0/7        EV: 11    Int: 13    God:
Gold:   137        SH:  0    Dex: 16    Spells: 5/5 levels left

rFire    . . .     SeeInvis .   a - +2 dagger
rCold    . . .     Faith    .   (no shield)
rNeg     . . .     Spirit   +   b - +0 robe
rPois    .         Reflect  .   (no helmet)
rElec    .         Harm     .   c - +0 cloak
rCorr    +         Rampage  .   (no gloves)
Will     .....                  (no boots)
Stlth    +++.......             (no amulet)
HPRegen  1.10/turn              s - ring of resist corrosion
MPRegen  0.10/turn              (no ring)

@: no status effects
A: fangs 2, regeneration 1, magic shield, antimagic bite, no potion heal 2
a: no special abilities


You were on level 5 of the Dungeon.
You visited 1 branch of the dungeon, and saw 5 of its levels.
You also visited: Sewer.

You collected 137 gold pieces.

Inventory:

Hand Weapons
 a - a +2 dagger (weapon)
 x - a +0 mace
 A - a +0 dagger of venom
Missiles
 l - 5 atropa-tipped darts (quivered)
Armour
 b - a +0 robe (worn)
 c - a +0 cloak (worn)
Jewellery
 r - a ring of ice
 s - a ring of resist corrosion (left hand)
Wands
 t - a wand of iceblast (9)
 z - a wand of charming (5)
Scrolls
 f - a scroll of vulnerability {unknown}
 g - 3 scrolls of identify
 i - a scroll of enchant weapon {unknown}
 j - a scroll of immolation {unknown}
 m - 2 scrolls of magic mapping {unknown}
 n - 3 scrolls of teleportation
 o - a scroll of noise {unknown}
 q - a scroll of silence {unknown}
 y - a scroll of torment {unknown}
 B - a scroll of enchant armour {unknown}
 E - a scroll of fog {unknown}
Potions
 h - 5 potions of curing {unknown}
 k - a potion of invisibility {unknown}
 p - 2 potions of might {unknown}
 u - 3 potions of haste {unknown}
 v - a potion of degeneration {unknown}
 C - a potion of brilliance {unknown}
 D - 2 potions of magic {unknown}


   Skills:
 - Level 1.7 Fighting
 + Level 5.2 Short Blades
 - Level 4.2 Throwing
 - Level 0.7 Dodging
 - Level 4.8 Stealth


You had 5 spell levels left.
You didn't know any spells.
Your spell library was empty.

Dungeon Overview and Level Annotations

Branches:
Dungeon (5/15)              Sewer (visited)
 Temple: D:4-7

Altars:

Shops:
D:2 [!


Innate Abilities, Weirdness & Mutations

You have extremely sharp teeth.
Your natural rate of healing is unusually fast.
When hurt, damage is shared between your health and your magic reserves.
Your bite disrupts and absorbs the magic of your enemies.
Potions cannot restore your health.


Message History

Press: ? - help, Q - select action, (/) - cycle Shift-Dir - straight line, f/p - gnoll
Aim: a gnoll, wielding the +4 quarterstaff "Welu" {elec, rElec rPois Dex+4} (65% to hit)
You throw a boomerang of dispersal.
The boomerang of dispersal hits the gnoll.
The gnoll blinks!
d - a poisoned dart
There are no items here.
Throw: 2 darts (curare)
Press: ? - help, Q - select action, (/) - cycle Shift-Dir - straight line, f/p - gnoll
Aim: a gnoll, wielding the +4 quarterstaff "Welu" {elec, rElec rPois Dex+4} (lightly wounded, 65% to hit)
You throw a curare-tipped dart. The curare-tipped dart hits the gnoll.
The gnoll is lightly wounded.
You closely miss the gnoll.
The gnoll is lightly wounded.
The gnoll misses you.
You hit the gnoll.
The gnoll is moderately wounded.
The gnoll hits you with the +4 quarterstaff "Welu" {elec, rElec rPois Dex+4}!
You completely miss the gnoll. Your bite misses the gnoll.
The gnoll is moderately wounded.
Throw: dart (curare)
Press: ? - help, Q - select action, (/) - cycle Shift-Dir - straight line, f/p - gnoll
Aim: a gnoll, wielding the +4 quarterstaff "Welu" {elec, rElec rPois Dex+4} (moderately wounded, 65% to hit)
You throw a curare-tipped dart. The curare-tipped dart hits the gnoll.
The gnoll is moderately wounded.
The gnoll closely misses you.
Throw: dart (poison)
Press: ? - help, Q - select action, (/) - cycle Shift-Dir - straight line, f/p - gnoll
Aim: a gnoll, wielding the +4 quarterstaff "Welu" {elec, rElec rPois Dex+4} (moderately wounded, 65% to hit)
You throw a poisoned dart.
The poisoned dart closely misses the gnoll.
The gnoll hits you with the +4 quarterstaff "Welu" {elec, rElec rPois Dex+4}.
You are electrocuted!
You barely miss the gnoll. You bite the gnoll. You drain its power.
You feel invigorated.
The gnoll is severely wounded.
The gnoll hits you with the +4 quarterstaff "Welu" {elec, rElec rPois Dex+4}.
* * * LOW HITPOINT WARNING * * *
You are electrocuted!
You die...

....... ### ### .....##
##≈######≈## ......##
#≈≈≈≈≈÷≈≈≈≈# ........
#≈÷≈####≈≈≈# #.....
##≈##≈≈##≈## ###...##
#≈#≈.≈≈#≈# ###.#)#..##..
#≈#≈≈≈≈#≈###@...[.......
##≈##≈≈##≈##.g..##....... ..
#≈≈≈#≈≈#≈≈≈#(#### .....).
...#≈≈≈÷≈≈#≈≈≈#....#....)g..
...##≈######≈##....g...##g..
....###....#.#.......... g.
..........)............. .
##......###.............
#..#.##.#.............


You could see a gnoll.

Vanquished Creatures
  3 hounds
  An orc priest (D:4)
  Ijyb (D:3)
  An iguana (D:4)
  3 gnolls (D:5)
  6 adders
  7 river rats (Sewer)
  2 worms
  2 dart slugs
  4 orcs
  13 ball pythons
  7 endoplasms
  6 giant cockroaches
  5 goblins
  4 hobgoblins
  2 jackals (D:2)
  8 quokkas
  5 bats
  12 frilled lizards
  8 kobolds
  8 rats
108 creatures vanquished.

Notes
Turn   | Place    | Note
-------+----------+-------------------------------------------
     0 | D:1      | HAL9000 the Vine Stalker Brigand began the quest for the
                  | Orb.
     0 | D:1      | Reached XP level 1. HP: 11/11 MP: 2/2
    32 | D:1      | Reached skill level 2 in Short Blades
   264 | D:1      | Reached XP level 2. HP: 14/15 MP: 3/3
   787 | D:1      | Reached skill level 3 in Short Blades
   880 | D:1      | Reached XP level 3. HP: 18/18 MP: 4/4
  1227 | D:2      | Found Fonesene's Antique Armour Emporium.
  1279 | D:2      | Found Finoq's Distillery.
  1855 | D:2      | Gained mutation: Your natural rate of healing is unusually
                  | fast. [Vine Stalker growth]
  1855 | D:2      | Reached XP level 4. HP: 19/23 MP: 5/5
  2050 | D:3      | Found Rimpom's Weapon Shoppe.
  2187 | D:3      | Noticed Ijyb
  2192 | D:3      | Killed Ijyb
  2193 | D:3      | Reached XP level 5. HP: 26/26 MP: 6/6
  2772 | D:4      | Reached skill level 4 in Short Blades
  2772 | D:4      | Reached XP level 6. HP: 29/30 MP: 5/7
  3237 | D:5      | Entered Level 5 of the Dungeon
  3379 | D:5      | Found a glowing drain.
  3391 | Sewer    | Entered a sewer
  3696 | Sewer    | Reached skill level 5 in Short Blades
  3892 | D:5      | Identified the +4 quarterstaff "Welu" {elec, rElec rPois
                  | Dex+4}
  3908 | D:5      | Slain by a gnoll

Illustrated notes

Levels and vault maps discovered:
D:1:      dpeg_arrival_rooms_b, layout_basic
D:2:      layout_rooms, serial_shops, shop, shop,
          chequers_serial_rivers_large_b, kennysheep_doodads,
          hangedman_abyss_or_decor_lesser_grid, small_statue_intersection
D:3:      layout_rooms, serial_shops, nicolae_shop_stone, chequers_avenue,
          st_stairs_2, uniq_ijyb
D:4:      layout_basic, minmay_cupped
D:5:      layout_cave_pools, chequers_temple_overflow_minitemple,
          minmay_temple_entry_fiery, gammafunk_ghost_grave, serial_shops,
          nicolae_stop_n_shop_2, gup_sewer_entry_bubbles

Skill      XL: |  1  2  3  4  5  6 |
---------------+-------------------+-----
Short Blades   | 2 3 4 5 |  5.2
Throwing       | 2 3 4 |  4.2
Fighting       | |  1.7
Dodging        | |  0.7
Stealth        | |  4.8

Action                   |  1- 3 |  4- 6 || total
-------------------------+-------+-------++-------
Melee: Dagger            |    85 |   264 ||   349
       Bite              |    22 |    58 ||    80
Throw: Dart              |       |    22 ||    22
       Boomerang         |       |     3 ||     3
  Use: Scroll            |       |     2 ||     2
 Stab: Sleeping          |    14 |    15 ||    29
       Distracted        |       |     1 ||     1
Armor: Robe              |    11 |    39 ||    50
Dodge: Dodged            |    31 |   129 ||   160

Table legend: (Time is in decaauts)
 A = Elapsed time spent in this place.
 B = Non-inter-level travel time spent in this place.
 C = Inter-level travel time spent in this place.
 D = Time resting spent in this place.
 E = Time spent auto-exploring this place.
 F = Levels seen in this place.
 G = Mean time per level.
                   A        B        C        D        E       F      G
               +--------+--------+--------+--------+--------+-----+--------+
         Total |   3941 |   3835 |    106 |    281 |   2603 |   6 |  656.8 |
       Dungeon |   3497 |   3391 |    106 |    263 |   2350 |   5 |  699.4 |
         Sewer |    443 |    443 |      0 |     18 |    252 |   1 |  443.0 |
               +--------+--------+--------+--------+--------+-----+--------+

Top non-repeatable levels by time:
     D:1: 1152 daAuts
     D:4: 856 daAuts
     D:2: 855 daAuts
   Sewer: 443 daAuts
     D:3: 399 daAuts
     D:5: 234 daAuts
